 Dungeon Crawl Stone Soup version 0.28-a0-1616-g050a50673c (webtiles) character file.

Game seed: 13211105194609438451

60 tatocazan the Shield-Bearer (level 4, -5/37 HPs)
             Began as a Formicid Fighter on Jan 22, 2022.
             Killed by nerve-wracking pain
             ... invoked by an orc priest
              (14 damage)
             ... on level 3 of the Dungeon.
             The game lasted 00:01:47 (2273 turns).

tatocazan the Shield-Bearer (Formicid Fighter)      Turns: 2273, Time: 00:01:47

Health: -5/37      AC:  7    Str: 22    XL:     4   Next: 24%
Magic:  4/4        EV:  9    Int:  8    God:
Gold:   43         SH:  4    Dex: 10    Spells: 3/3 levels left

rFire   . . .      SeeInvis +   a - +0 flail
rCold   . . .      Faith    .   c - +0 buckler
rNeg    . . .      Spirit   .   b - +0 scale mail
rPois   .          Reflect  .   (helmet unavailable)
rElec   .          Harm     .   (no cloak)
rCorr   .          Rampage  .   (no gloves)
Will    .....                   (no boots)
Stlth   ..........              (no amulet)
HPRegen 0.12/turn               (no ring)
MPRegen 0.09/turn               (no ring)

@: no status effects
A: permanent stasis, dig shafts and tunnels, antennae 3, four strong arms
a: Dig, Shaft Self


You were on level 3 of the Dungeon.
You visited 1 branch of the dungeon, and saw 3 of its levels.

You collected 43 gold pieces.

Inventory:

Hand Weapons
 a - a +0 flail (weapon)
Armour
 b - a +0 scale mail (worn)
 c - a +0 buckler (worn)
Wands
 i - a wand of charming (10)
Scrolls
 h - 3 scrolls of identify
Potions
 d - 2 potions of might
 e - a potion of attraction {unknown}
 f - 2 potions of curing
 g - a potion of heal wounds {unknown}


   Skills:
 + Level 3.7 Fighting
 * Level 3.0 Maces & Flails
 + Level 3.8 Armour
 + Level 4.1 Shields


You had 3 spell levels left.
You didn't know any spells.
Your spell library contained the following spells:

 Spells                   Type           Power      Damage    Failure   Level
 Shock                    Conj/Air       0%         1d3       80%         1


Dungeon Overview and Level Annotations

Branches:
Dungeon (3/15)

Altars:

Shops:
D:2 :


Innate Abilities, Weirdness & Mutations

You cannot be hasted, slowed, berserked, paralysed or teleported.
You can dig through walls and to a lower floor.
You have a pair of large antennae on your head. (SInv)
Your four strong arms can wield two-handed weapons with a shield.


Message History

The orc closely misses you.
You thump the orc!
You kill the orc!
The orc priest looks braver for a moment.
Your Maces & Flails skill increases to level 3!
You thump the orc!
You kill the orc!
You barely miss the orc priest.
The orc priest hits you but does no damage.
The orc priest hits you with a +1 falchion of protection.
You take 4 damage, and have 29/37 hp.
You closely miss the orc priest. The orc priest barely misses you.
You hit the orc priest but do no damage.
The orc priest hits you with a +1 falchion of protection.
You take 4 damage, and have 25/37 hp.
You closely miss the orc priest.
The orc priest hits you with a +1 falchion of protection.
The orc priest calls down the wrath of Beogh upon you.
Beogh smites you!
You take 12 damage, and have 13/37 hp.
MASSIVE DAMAGE!!
You are too injured to fight recklessly!
You are too injured to fight recklessly!
You are too injured to fight recklessly!
An orc priest is nearby!
An orc priest is nearby!
You barely miss the orc priest.
The orc priest hits you with a +1 falchion of protection.
* * * LOW HITPOINT WARNING * * *
You take 4 damage, and have 9/37 hp.
You sock the orc priest!
The orc priest is heavily wounded.
The orc priest closely misses you.
You hit the orc priest but do no damage.
The orc priest is heavily wounded.
The orc priest completely misses you.
You hit the orc priest.
The orc priest is almost dead.
The orc priest mumbles some strange prayers to Beogh against you.
Pain shoots through your body!
You die...

# .# # .#. #
..####.#
#......##
#o)...... #
#@# ########
#.# ........
#.# ########
#.######## #
#.........
#.########
#.# #.#
##########.#


You could see an orc priest.

Vanquished Creatures
  3 adders
  A dart slug (D:1)
  2 orcs (D:3)
  2 ball pythons (D:1)
  2 bats
  An endoplasm (D:2)
  A giant cockroach (D:3)
  3 goblins
  3 hobgoblins
  2 jackals (D:1)
  3 quokkas
  3 kobolds (D:1)
  A rat (D:1)
27 creatures vanquished.

Notes
Turn   | Place    | Note
-------+----------+-------------------------------------------
     0 | D:1      | tatocazan the Formicid Fighter began the quest for the Orb.
     0 | D:1      | Reached XP level 1. HP: 18/18 MP: 1/1
   169 | D:1      | Reached XP level 2. HP: 24/24 MP: 2/2
   917 | D:1      | Reached XP level 3. HP: 25/29 MP: 3/3
  1200 | D:2      | Reached skill level 4 in Shields
  1203 | D:2      | Found a faded altar of an unknown god.
  1208 | D:2      | Got Plato's Incunabulum of Conjuration
  1238 | D:2      | Found Ymytirch's Book Shop.
  1706 | D:2      | Identified the +6 dagger "Tougabij" {elec, rElec}
  1713 | D:2      | You fall into a shaft and drop 1 floor!
  2159 | D:3      | Reached XP level 4. HP: 36/37 MP: 4/4
  2273 | D:3      | Killed from afar by an orc priest

Illustrated notes

Levels and vault maps discovered:
D:1:      wheals_arrival_shading, layout_loops_corners
D:2:      layout_loops_ring, shapermc_ecumenical_altar_rom_forum, serial_shops,
          nicolae_square_shop
D:3:      layout_loops_ring, uniq_crazy_yiuf_cottage

Skill      XL: |  1  2  3  4 |
---------------+-------------+-----
Shields        | 4 |  4.1
Maces & Flails | 3 |  3.0
Fighting       | |  3.7
Armour         | |  3.8

Action                   |  1- 3 |  4- 6 || total
-------------------------+-------+-------++-------
Melee: Flail             |    79 |    19 ||    98
 Abil: Shaft Self        |     1 |       ||     1
  Use: Scroll            |     2 |       ||     2
Armor: Scale mail        |    26 |     5 ||    31
Dodge: Dodged            |    39 |     9 ||    48
Block: Buckler           |    15 |     1 ||    16

Table legend: (Time is in decaauts)
 A = Elapsed time spent in this place.
 B = Non-inter-level travel time spent in this place.
 C = Inter-level travel time spent in this place.
 D = Time resting spent in this place.
 E = Time spent auto-exploring this place.
 F = Levels seen in this place.
 G = Mean time per level.
                   A        B        C        D        E       F      G
               +--------+--------+--------+--------+--------+-----+--------+
         Total |   2303 |   2263 |     40 |    515 |   1468 |   3 |  767.7 |
       Dungeon |   2303 |   2263 |     40 |    515 |   1468 |   3 |  767.7 |
               +--------+--------+--------+--------+--------+-----+--------+

Top non-repeatable levels by time:
     D:1: 1198 daAuts
     D:2: 558 daAuts
     D:3: 547 daAuts
